Unix NetHack Version 5.0.0-0 post-release - last build May 10 2026 23:12:36 (d1fa5d53e341ca933230fdaa984d921c805b60aa,branch:main).

Game began 2026-05-09 22:31:34, ended 2026-05-11 00:11:35.

Ch3Begorrah, chaotic male human Rogue

                                ------
                                -....+
                                |.@i.|
                                ------

Ch3Begorrah the Rogue   St:18/01 Dx:18 Co:13 In:11 Wi:10 Ch:9  Chaotic
Dlvl:10 $:63 HP:0(33) Pw:25(25) AC:2  Xp:6 T:4759  Fainted  Deaf

Latest messages:
 You are beginning to feel weak.
 $ - 46 gold pieces (63 in total).
 In what direction? l
 You throw 3 daggers.
 The 1st dagger misses the killer bee.
 The 2nd dagger misses the killer bee.
 The 3rd dagger misses the killer bee.
 What do you want to use or apply? [efmsxACO-QSX or ?*] P
 g - 5 +0 daggers (at the ready) (8 in total).
 In what direction? l
 The dagger misses the killer bee.
 In what direction? l
 You throw 3 daggers.
 The 1st dagger hits the killer bee!
 The 2nd dagger hits the killer bee!
 You kill the killer bee!
 g - 2 +0 daggers (at the ready) (6 in total).
 g - a +0 dagger (at the ready) (7 in total).
 g - 3 +0 daggers (at the ready) (10 in total).
 g - a +0 dagger (at the ready) (11 in total).
 What do you want to zap? [mxAOX or ?*] ?
 Nothing happens.
 In what direction? h
 The dagger hits the human mummy!
 What do you want to write with? [- bgikmux-zAGKOVX or ?*] -
 You write in the dust with your fingertip.
 What do you want to write in the dust here? Elbereth
 The human mummy hits!
 The human mummy hits again!
 What do you want to read? [djnqvBIT or ?*] j
 As you read the scroll, it disappears.
 You materialize in a different location!
 You see here a food ration.
 H - a food ration.
 g - 2 +0 daggers (at the ready) (12 in total).
 You descend the stairs.
 Please move the cursor to a monster, object or location.
 (For instructions type a '?')
 You faint from lack of food.
 The manes hits!
 The manes hits again!
 The manes just misses!
 The manes hits!
 The manes just misses!
 The manes bites!
 The manes just misses!
 The manes hits!
 The manes bites!
 You die...
 Do you want your possessions identified? [ynq] (y) q

Inventory:
 Coins    ('$')
  $ - 63 gold pieces
 Weapons  (')')
  g - 12 +0 daggers (at the ready)
  V - a +0 long sword (weapon in right hand)
 Armor    ('[')
  F - an uncursed +0 orcish helm (being worn)
  w - an uncursed +0 pair of kicking boots (being worn)
  D - an uncursed +0 elven shield (being worn)
  Y - a blessed +1 dwarvish cloak (being worn)
  c - an uncursed +1 leather armor (being worn)
 Comestibles  ('%')
  H - an uncursed food ration
  h - an uncursed lizard corpse
 Scrolls  ('?')
  q - an uncursed scroll of create monster named ok
  d - 2 uncursed scrolls of earth
  B - an uncursed scroll of enchant armor
  T - a blessed scroll of enchant weapon
  I - an uncursed scroll of genocide
  n - a cursed scroll of identify
  v - an uncursed scroll of light
 Rings    ('=')
  b - a blessed +1 ring of increase accuracy named ok
  z - an uncursed ring of protection from shape changers named ok
  K - an uncursed ring of see invisible named ok
  u - an uncursed ring of teleport control named ok
 Wands    ('/')
  x - a wand of cold (0:0)
  O - a wand of make invisible (0:4)
  A - a wand of opening (0:5)
  X - a wand of sleep (0:6)
  m - a wand of striking (0:2)
 Tools    ('(')
  P - a blessed bag of holding containing 23 items
  f - an empty uncursed sack
  s - an empty uncursed sack
  C - an uncursed leash
  e - an uncursed lock pick
  S - an uncursed mirror
  Q - an uncursed oil lamp
 Gems/Stones  ('*')
  i - an uncursed agate stone
  k - 2 uncursed aquamarine stones
  y - 2 uncursed worthless pieces of orange glass
  G - an uncursed worthless piece of red glass

Contents of the bag of holding:
  699 gold pieces
  a cursed +0 shield of shock resistance
  an uncursed +0 mummy wrapping
  an uncursed sprig of wolfsbane
  3 uncursed eggs
  4 uncursed scrolls of blank paper
  a cursed scroll of light named cursed
  an uncursed spellbook of force bolt
  an uncursed spellbook of cancellation
  an uncursed spellbook of slow monster
  an uncursed spellbook of cause fear
  a cursed potion of extra healing
  an uncursed potion of sleeping
  an uncursed potion of hallucination
  an uncursed potion of fruit juice
  a blessed potion of fruit juice
  a blessed potion of speed
  an uncursed potion of confusion
  2 potions of holy water
  an uncursed potion of water named Uncuresed
  2 blessed potions of object detection
  an uncursed potion of sickness
  an uncursed tin whistle

Ch3Begorrah the Rogue's attributes:

Background:
 You were a Rogue, level 6 male human.
 You were chaotic, nominally on a mission for Kos
 who was opposed by Issek (lawful) and Mog (neutral).
 You were right-handed.
 You were in the Dungeons of Doom, on level 10.
 You entered the dungeon 4759 turns ago.
 It was the midnight hour.
 You had 606 experience points, 34 more were needed to attain level 7.

Basics:
 You had 0 out of 33 hit points.
 You had all 25 energy points (spell power).
 Your armor class was 2.
 Your wallet contained 63 zorkmids, and
 you had 699 more stashed away in your pack.
 Autopickup was on for '$!/(' plus thrown, with exceptions.

Final Characteristics:
 Your strength was 18/01 (base:18/02, limit:18/100).
 Your dexterity was 18 (limit:18).
 Your constitution was 13 (limit:18).
 Your intelligence was 11 (limit:18).
 Your wisdom was 10 (limit:18).
 Your charisma was 9 (limit:18).

Final Status:
 You were deaf.
 You were fainted due to starvation.
 You were unencumbered.
 You were wielding a long sword.
 You had basic skill with long sword.

Final Attributes:
 You were piously aligned.
 Your items were somewhat protected from fire.
 Your items were somewhat protected from cold.
 You were stealthy.
 You were warded.
 You are dead.

Miscellaneous:
 You didn't encounter any bones levels.
 Total elapsed playing time was 1 hour, 2 minutes and 32 seconds.

Major events:
 Turn
    1: Ch3Begorrah the chaotic male human Rogue entered the dungeon
 1077: entered the Gnomish Mines
 1419: attained the rank of Cutpurse (level 3)
 2745: attained the rank of Rogue (level 6)
 3333: entered Sokoban
 4759: killed by a manes, while fainted from lack of food

You didn't know any spells.

Skills:
 Fighting Skills
   bare handed combat [Unskilled]
   two weapon combat  [Unskilled]
   riding             [Unskilled]
 Weapon Skills
   dagger             [Skilled]
   knife              [Unskilled]
   short sword        [Basic]
   broadsword         [Unskilled]
   long sword         [Basic]
   two-handed sword   [Unskilled]
   saber              [Unskilled]
   club               [Unskilled]
   mace               [Unskilled]
   morning star       [Unskilled]
   flail              [Unskilled]
   hammer             [Unskilled]
   polearms           [Unskilled]
   spear              [Unskilled]
   crossbow           [Unskilled]
   dart               [Unskilled]
   shuriken           [Unskilled]
 Spellcasting Skills
   divination spells  [Unskilled]
   escape spells      [Unskilled]
   matter spells      [Unskilled]

Voluntary challenges:
 Character rerolling was not enabled.
 You followed a strict vegan diet.
 You were an atheist.
 You never genocided any monsters.
 You never polymorphed an object.
 You never changed form.
 You used no wishes.
 You did not violate any of the special Sokoban rules.
Achievements:
 You entered a shop.
 You entered the Gnomish Mines.
 You attained the rank of Cutpurse.
 You attained the rank of Rogue.
 You entered Sokoban.

 The Dungeons of Doom: levels 1 to 10
    Level 1:
    Level 2:
       A general store, a fountain.
    Level 3:
       An altar.
       Stairs down to The Gnomish Mines.
    Level 4:
       A general store, a fountain.
    Level 5:
       A sink.
    Level 6:
       A weapon shop.
    Level 7:
       Many fountains.
       Oracle of Delphi.
    Level 8:
       A fountain.
       Stairs up to Sokoban, level 7.
    Level 9:
       A fountain, a sink.
    Level 10: <- You were here.
       Final resting place for
          you, killed by a manes, while fainted from lack of food.
 The Gnomish Mines:
    Level 4:
 Sokoban:
    Level 7:
       Unsolved.


Vanquished creatures:
  2 quivering blobs
 an iron piercer
  a giant spider
  a baby long worm
  a dwarf mummy
  a Green-elf
  2 lizards
  a raven
  2 human zombies
  a rope golem
  a quasit
  a water nymph
  a rock piercer
  a rock mole
  a fog cloud
  a yellow light
  a shrieker
  2 gnome leaders
  a gnomish wizard
  a kobold mummy
  a straw golem
  a paper golem
  a giant ant
  a dwarf
  a wererat
  3 iguanas
  a killer bee
 an acid blob
  2 coyotes
  a large kobold
  a hobgoblin
  2 giant rats
  2 cave spiders
  a green mold
  a garter snake
  a gecko
  9 jackals
  2 kobolds
  2 goblins
  5 grid bugs
  a bat
  3 lichens
  a kobold zombie
  4 newts
72 creatures vanquished.

No species were genocided or became extinct.

Game over:
                       ----------
                      /          \
                     /    REST    \
                    /      IN      \
                   /     PEACE      \
                  /                  \
                  |   Ch3Begorrah    |
                  |      762 Au      |
                  |   killed by a    |
                  |      manes       |
                  |                  |
                  |                  |
                  |       2026       |
                 *|     *  *  *      | *
        _________)/\\_//(\/(/\)/\//\/|_)_______

Goodbye Ch3Begorrah the Rogue...

You died in The Dungeons of Doom on dungeon level 10 with 3610 points,
and 762 pieces of gold, after 4759 moves.
You were level 6 with a maximum of 33 hit points when you died.

